 Dungeon Crawl Stone Soup version 0.20-a0-854-g0cc194a (webtiles) character file.

1972 Alarkh the Slasher (level 9, 67/68 HPs)
             Began as a Demonspawn Fighter on Mar 11, 2017.
             Was a Believer of Okawaru.
             Quit the game on level 6 of the Dungeon.
             The game lasted 00:08:09 (7209 turns).

Alarkh the Slasher (Demonspawn Fighter)             Turns: 7209, Time: 00:08:10

Health: 67/68      AC:  3    Str: 19    XL:     9   Next: 0%
Magic:  9/9        EV: 12    Int: 13    God:    Okawaru [**....]
Gold:   119        SH: 10    Dex: 12    Spells: 8/8 levels left

rFire    + . .     SeeInvis .   a - +2 long sword
rCold    . . .     Gourm    .   i - +2 robe {MR+}
rNeg     . . .     Faith    .   c - +0 shield
rPois    .         Spirit   .   d - +0 helmet
rElec    .         Reflect  .   (no cloak)
rCorr    .         Harm     .   (no gloves)
MR       +....                  z - +0 pair of boots
Stlth    +.........             r - amulet of regeneration
Regen    0.7/turn               m - +2 ring of strength
MPRegen  0.2/turn               D - -3 ring of protection (curse)

@: no status effects
A: talons 2, demonic guardian 1, fire resistance 1, sturdy frame 2
a: Heroism, Renounce Religion


You were on level 6 of the Dungeon.
You worshipped Okawaru.
Okawaru was pleased with you.
You were not hungry.

You visited 2 branches of the dungeon, and saw 7 of its levels.

You collected 449 gold pieces.
You spent 330 gold pieces at shops.

Inventory:

Hand Weapons
 a - a +2 long sword (weapon)
Armour
 b - a +0 scale mail
 c - a +0 shield (worn)
 d - a +0 helmet (worn)
 i - a +2 robe of magic resistance (worn)
 z - a +0 pair of boots (worn)
Jewellery
 l - an uncursed ring of resist corrosion
 m - a +2 ring of strength (right hand)
 r - an amulet of regeneration (around neck)
 D - a cursed -3 ring of protection (left hand)
Wands
 k - a wand of paralysis (5/24)
Scrolls
 e - a scroll of identify
 h - a scroll of fear
 j - a scroll of teleportation
 n - 2 scrolls of immolation
 p - a scroll of amnesia {unknown}
 t - a scroll of brand weapon {unknown}
 u - a scroll of enchant armour {unknown}
 v - a scroll of random uselessness {unknown}
 A - a scroll of remove curse {unknown}
 E - a scroll of noise {unknown}
Potions
 g - a potion of magic
 C - 2 potions of curing {unknown}
Books
 s - a book of Air

   Spells                             Type                      Level
   a - Shock                          Conjuration/Air              1
   b - Swiftness                      Charms/Air                   2
   c - Static Discharge               Conjuration/Air              3
   d - Airstrike                      Air                          4
   e - Lightning Bolt                 Conjuration/Air              5
 x - a book of Callings

   Spells                             Type                      Level
   a - Summon Small Mammal            Summoning                    1
   b - Call Imp                       Summoning                    2
   c - Call Canine Familiar           Summoning                    3
   d - Summon Guardian Golem          Hexes/Summoning              3
   e - Summon Lightning Spire         Summoning/Air                4
   f - Summon Ice Beast               Ice/Summoning                4
 B - a book of Cantrips

   Spells                             Type                      Level
   a - Confusing Touch                Hexes                        1
   b - Animate Skeleton               Necromancy                   1
   c - Summon Small Mammal            Summoning                    1
   d - Apportation                    Translocation                1
Comestibles
 f - 6 bread rations
 o - 2 meat rations
 q - 3 royal jellies
 w - 2 fruits


   Skills:
 + Level 5.6 Fighting
 * Level 6.4 Long Blades
 + Level 5.0 Armour
 + Level 4.1 Dodging
 + Level 5.1 Shields


You had 8 spell levels left.
You didn't know any spells.

Dungeon Overview and Level Annotations

Branches:
Dungeon (6/15)             Temple (1/1) D:4

Altars:
Ashenzari
Dithmenos
Elyvilon
Fedhas
Gozag
Hepliaklqana
Kikubaaqudgha
Nemelex Xobeh
Okawaru
Qazlal
Ru
Sif Muna
Trog
Wu Jian
Xom
Yredelemnul
Zin
The Shining One

Shops:
D:5 =


Innate Abilities, Weirdness & Mutations

You have razor-sharp toenails.
A weak demonic guardian rushes to your aid.
Your flesh is heat resistant. (rF+)
Your movements are less encumbered by armour. (ER -4)


Message History

Okawaru accepts your kill.
You have reached level 9!
Your experience leads to an increase in your attributes!
Your base attributes are Str 17, Int 12, Dex 12.
Increase (S)trength, (I)ntelligence, or (D)exterity?
You feel clever.
Your demonic ancestry asserts itself...
You feel resistant to heat.
You barely miss the shadow imp. The shadow imp hits you.
You hit the shadow imp.
The shadow imp is moderately wounded.
You block the shadow imp's attack.
You closely miss the shadow imp.
The shadow imp is moderately wounded.
You block the shadow imp's attack.
You slash the shadow imp!
You kill the shadow imp!
Okawaru accepts your kill.
No target in view!
No target in view!
Are you sure you want to abandon this character and quit the game? (Confirm with "yes".)

#.# #.# ..# ### ####
#.. ####### #.#####.#
......#########.......#
#####...........@..#
#####.#########.#...#
##....# #.)#.#..#
##.##.# #.......#
##[##.# #.##.##.
......# #.. ... #
...#### ### ###
.##..... ....###.


There were no monsters in sight!

Vanquished Creatures
  Grinder (D:5)
  Edmund (D:5)
  A sky beast (D:5)
  2 ogres (D:5)
  The ghost of Alarkh the Slasher, an amateur DsMo (D:3)
  5 centaurs
  Blork the orc (D:4)
  A howler monkey (D:5)
  3 crimson imps
  A quasit (D:5)
  A bullfrog zombie (D:5)
  A centaur skeleton (D:6)
  A hound (D:6)
  An iron imp (D:6)
  An orc priest (D:6)
  4 orc wizards
  2 worker ants
  A howler monkey zombie (D:5)
  Robin (D:2)
  A howler monkey skeleton (D:6)
  12 adders
  7 gnolls
  2 shadow imps
  An ooze (D:3)
  An adder zombie (D:5)
  3 worms
  5 dart slugs
  3 leopard geckos
  25 orcs
  8 giant cockroaches
  11 goblins
  18 hobgoblins
  3 jackals (D:6)
  6 quokkas
  7 bats
  3 frilled lizards
  3 goblin skeletons (D:6)
  2 hobgoblin zombies (D:6)
  4 kobolds
  2 kobold zombies (D:6)
  2 leopard gecko skeletons
  A leopard gecko zombie (D:5)
  An orc skeleton (D:6)
  An orc zombie (D:6)
  5 rats
167 creatures vanquished.

Vanquished Creatures (collateral kills)
  A gnoll sergeant (D:6)
  A worker ant zombie (D:6)
  An adder (D:6)
  A gnoll (D:6)
4 creatures vanquished.

Grand Total: 171 creatures vanquished

Notes
Turn   | Place    | Note
-------+----------+-------------------------------------------
     0 | D:1      | Alarkh the Demonspawn Fighter began the quest for the Orb.
     0 | D:1      | Reached XP level 1. HP: 18/18 MP: 1/1
   161 | D:1      | Reached skill level 2 in Long Blades
   296 | D:1      | Gained mutation: Your movements are slightly less encumbered by armour. (ER -2) [demonic ancestry]
   296 | D:1      | Reached XP level 2. HP: 24/24 MP: 2/2
   822 | D:1      | Reached XP level 3. HP: 14/29 MP: 3/3
  1548 | D:2      | Noticed Robin
  1562 | D:2      | Reached skill level 1 in Dodging
  1577 | D:2      | Gained mutation: You have sharp toenails. [demonic ancestry]
  1577 | D:2      | Reached XP level 4. HP: 26/35 MP: 4/4
  1610 | D:2      | Killed Robin
  2169 | D:3      | Reached skill level 3 in Long Blades
  2234 | D:3      | Found an ornate altar of the Wu Jian Council.
  2234 | D:3      | Found a shattered altar of Ashenzari.
  2236 | D:3      | Found a blossoming altar of Fedhas.
  2243 | D:3      | Found a hazy altar of Hepliaklqana.
  2307 | D:3      | Reached XP level 5. HP: 37/41 MP: 5/5
  3015 | D:3      | Noticed Alarkh's ghost (amateur DsMo)
  3046 | D:3      | Killed Alarkh's ghost
  3046 | D:3      | Gained mutation: You have razor-sharp toenails. [demonic ancestry]
  3046 | D:3      | Reached XP level 6. HP: 23/48 MP: 6/6
  3770 | D:4      | Found a shadowy altar of Dithmenos.
  3790 | D:4      | Noticed Blork the orc
  3807 | D:4      | Killed Blork the orc
  4298 | D:4      | Found an iron altar of Okawaru.
  4441 | D:4      | Found a glowing silver altar of Zin.
  4447 | D:5      | Entered Level 5 of the Dungeon
  4498 | D:5      | Reached skill level 4 in Long Blades
  4637 | D:5      | Found a sacrificial altar of Ru.
  4713 | D:5      | Gained mutation: Your movements are less encumbered by armour. (ER -4) [demonic ancestry]
  4713 | D:5      | Reached XP level 7. HP: 52/54 MP: 7/7
  5037 | D:5      | Found Riggecuc's Jewellery Shop.
  5038 | D:5      | Noticed Grinder
  5046 | D:5      | Paralysed by Grinder for 5 turns
  5053 | D:5      | Paralysed by Grinder for 3 turns
  5056 | D:5      | Killed Grinder
  5151 | D:5      | Bought an uncursed amulet of regeneration for 330 gold pieces
  5170 | D:5      | Got an encrusted whip
  5209 | D:4      | Became a worshipper of Warmaster Okawaru
  5240 | D:5      | Found a deep blue altar of Sif Muna.
  5286 | D:5      | Reached skill level 5 in Long Blades
  5387 | D:5      | Gained mutation: A weak demonic guardian rushes to your aid. [demonic ancestry]
  5387 | D:5      | Reached XP level 8. HP: 59/61 MP: 8/8
  5417 | D:5      | Reached skill level 5 in Fighting
  5694 | D:5      | Reached * piety under Okawaru
  5874 | D:6      | Noticed Edmund
  5942 | D:5      | Killed Edmund
  6031 | D:6      | Found a glowing golden altar of the Shining One.
  6073 | D:6      | Reached skill level 6 in Long Blades
  6245 | D:6      | Reached skill level 5 in Shields
  6466 | D:4      | Reached skill level 5 in Armour
  6600 | D:4      | Found a staircase to the Ecumenical Temple.
  6726 | Temple   | Entered the Ecumenical Temple
  6961 | D:6      | Reached ** piety under Okawaru
  7203 | D:6      | Gained mutation: Your flesh is heat resistant. (rF+) [demonic ancestry]
  7203 | D:6      | Reached XP level 9. HP: 68/68 MP: 9/9
  7209 | D:6      | Quit the game

Vault maps used:
D:1:      mrwooster_arrival_statue_3, hex_medium
D:2:      serial_bayou, serial_bayou_pond_a, serial_bayou_pond_d,
          serial_bayou_pond_e, serial_bayou_pond_c, uniq_robin
D:3:      nicolae_overflow_quartered_altars, first_bread
D:4:      nicolae_dithmenos_the_darkroom, nicolae_overflow_hidden_temple,
          kennysheep_mini, temple_hall, corexii_item_surrounded_by_moat,
          uniq_blork_the_orc
D:5:      lemuel_blue_sif_altar, lemuel_crystal_altar, serial_shops,
          nicolae_shop_stone, minmay_item_behind_shaft, minmay_statues_item,
          eino_tiny_chamber, uniq_grinder
D:6:      serial_bayou_pond_c, nicolae_tso_besieged_by_evil, uniq_edmund
Temple:   nicolae_temple_figure_zero

Skill      XL: |  1  2  3  4  5  6  7  8 |
---------------+-------------------------+-----
Long Blades    | 2 3 4 5 6 |  6.4
Armour         | 3 4 5 |  5.0
Dodging        | 1 2 3 4 |  4.1
Shields        | 3 4 5 |  5.1
Fighting       | 4 5 |  5.6

Action                   |  1- 3 |  4- 6 |  7- 9 || total
-------------------------+-------+-------+-------++-------
Melee: Long sword        |   151 |   253 |   319 ||   723
       Kick              |       |    71 |    27 ||    98
Invok: Heroism           |       |       |     1 ||     1
  Use: Potion            |     3 |     5 |     2 ||    10
       Scroll            |       |     1 |     7 ||     8
  Eat: Chunk             |     2 |    11 |     4 ||    17
       Meat ration       |       |       |     1 ||     1
Armor: Scale mail        |    82 |    69 |       ||   151
       Robe              |       |    17 |    88 ||   105
Dodge: Dodged            |    52 |   103 |   176 ||   331
Block: Shield            |    80 |   119 |   182 ||   381
       Rpst.: Long sword |    16 |    23 |    55 ||    94
